 Dungeon Crawl Stone Soup version 0.27-a0-1184-ge86db4a01e (webtiles) character file.

Game seed: 14273452496586715504

46 ZappyNine the Ruffian (level 3, -4/28 HPs)
             Began as a Draconian Transmuter on May 18, 2021.
             Killed by divine providence
             ... invoked by an orc priest
              (14 damage)
             ... on level 3 of the Dungeon.
             The game lasted 00:01:25 (1762 turns).

ZappyNine the Ruffian (Draconian Transmuter)        Turns: 1762, Time: 00:01:26

Health: -4/28      AC:  5    Str: 12    XL:     3   Next: 46%
Magic:  6/6        EV: 12    Int: 14    God:
Gold:   92         SH:  0    Dex: 11    Spells: 2/6 levels left

rFire    + . .     SeeInvis .     - Unarmed
rCold    . . .     Faith    .   (no shield)
rNeg     . . .     Spirit   .   (armour unavailable)
rPois    .         Reflect  .   (helmet currently unavailable)
rElec    .         Harm     .   (no cloak)
rCorr    .         Rampage  .   (no gloves)
Will     .....                  (boots currently unavailable)
Stlth    +.........             (no amulet)
HPRegen  0.09/turn              a - ring of protection from fire
MPRegen  0.10/turn              (no ring)

@: lethally poisoned (-4 -> -12), appendages (expiring), slowed, very slow
A: horns 2, talons 2, AC +5, unfitting armour, cold-blooded
a: End Transformation


You were on level 3 of the Dungeon.
You had temporarily grown beastly horns and talons.
You visited 1 branch of the dungeon, and saw 3 of its levels.

You collected 92 gold pieces.

Inventory:

Jewellery
 a - a ring of protection from fire (left hand)
Wands
 d - a wand of polymorph (6)
Scrolls
 b - a scroll of amnesia {unknown}
 c - a scroll of vulnerability {unknown}
 e - a scroll of identify {unknown}


   Skills:
 - Level 1.1 Fighting
 - Level 1.7 Dodging
 - Level 4.2 Unarmed Combat
 - Level 2.0 Spellcasting
 + Level 2.1 Transmutations
 * Level 1.0 Poison Magic


You had 2 spell levels left.
You knew the following spells:

 Your Spells              Type           Power      Damage    Failure   Level
a - Beastly Appendage     Tmut           14%        N/A       10%         1
b - Spider Form           Tmut/Pois      2%         N/A       36%         3

Your spell library contained the following spells:

 Spells                   Type           Power      Damage    Failure   Level
 Wereblood                Tmut           7%         N/A       14%         2
 Ice Form                 Ice/Tmut       4%         N/A       83%         4
 Hydra Form               Tmut           3%         N/A       95%         5


Dungeon Overview and Level Annotations

Branches:
Dungeon (3/15)

Altars:


Innate Abilities, Weirdness & Mutations

You have temporarily grown beastly horns and talons.
Your plain brown scales are hard. (AC +5)
You cannot fit into any form of body armour.
You are cold-blooded and may be slowed by cold attacks.


Message History

You hit the orc priest.
You tail-slap the orc priest, but do no damage.
The orc priest is heavily wounded.
The orc priest closely misses you.
The orc wizard hits you with a +0 dagger.
You barely miss the orc priest.
You tail-slap the orc priest, but do no damage.
The orc priest is heavily wounded.
The orc priest hits you with a +0 falchion.
The endoplasm freezes you.
You are frozen.
You barely miss the orc priest. Your kick misses the orc priest.
You headbutt the orc priest.
The orc priest is severely wounded.
The endoplasm barely misses you.
You hit the orc priest.
Your tail-slap misses the orc priest.
The orc priest is almost dead.
Your transformation is almost over.
The adder closely misses you. The orc barely misses you.
The orc priest barely misses you. The endoplasm freezes you.
You are frozen.
You feel yourself slow down.
Unknown command.
You hit the orc priest but do no damage.
Your headbutt misses the orc priest.
The orc priest is almost dead.
The adder bites you.
You are poisoned.
The adder poisons you! The orc hits you but does no damage.
The orc priest closely misses you.
The orc wizard points at itself and mumbles some strange words.
The orc wizard flickers and vanishes!
Deactivating autopickup; reactivate with Ctrl-A.
The adder bites you.
You are more poisoned.
The adder poisons you! The endoplasm misses you. The orc closely misses you.
The orc priest invokes the aid of Beogh against you.
Beogh smites you!
Ouch! That really hurt!
You die...

#### ####..# ##.#....#
### #..#....# ..#
#.###..## #.# #.###..##
#.# #.##....####
#.###.........)##
#.#.......(...o@#
#..<#.........JSoo.....
##..#...........{......
#<.#..................
#..#.....>........._..
...#.#...##...........
....#.######.##........
.......# #. #........
.......#


You could see an orc priest, an adder, 2 orcs and an endoplasm.

Vanquished Creatures
  An adder (D:3)
  A worm (D:2)
  2 dart slugs (D:1)
  An orc (D:3)
  An endoplasm (D:2)
  A giant cockroach (D:1)
  4 goblins
  3 hobgoblins
  A quokka (D:2)
  3 ball pythons
  3 bats
  2 frilled lizards (D:1)
  2 kobolds
  6 rats
31 creatures vanquished.

Notes
Turn   | Place    | Note
-------+----------+-------------------------------------------
     0 | D:1      | ZappyNine the Draconian Transmuter began the quest for the
                  | Orb.
     0 | D:1      | Reached XP level 1. HP: 16/16 MP: 3/3
   372 | D:1      | Reached XP level 2. HP: 23/23 MP: 5/5
   951 | D:2      | Reached skill level 4 in Unarmed Combat
  1256 | D:2      | Reached XP level 3. HP: 28/28 MP: 4/6
  1260 | D:2      | Learned a level 3 spell: Spider Form
  1752 | D:3      | Found a faded altar of an unknown god.
  1754 | D:3      | Reached skill level 1 in Poison Magic
  1762 | D:3      | Killed from afar by an orc priest

Illustrated notes

Levels and vault maps discovered:
D:1:      minmay_arrival_diagonal_passages, layout_loops_ring
D:2:      layout_loops_ring
D:3:      layout_rooms, nicolae_sif_muna_little_library,
          chequers_temple_overflow_statue_of_worship, gup_sewer_entry_bubbles,
          ebering_ecumenical_altar_sacrificial, saegor_snake_ambush,
          uniq_jessica, uniq_crazy_yiuf_cottage

Skill      XL: |  1  2  3 |
---------------+----------+-----
Unarmed Combat | 4 |  4.2
Poison Magic   | 1 |  1.0
Fighting       | |  1.1
Dodging        | |  1.7
Spellcasting   | |  2.0
Transmutations | |  2.1

Action                   || total
-------------------------++-------
Melee: Unarmed           ||    73
       Kick              ||    12
       Headbutt          ||     5
       Tailslap          ||     5
 Cast: Beastly Appendage ||    18
 Stab: Sleeping          ||     3
Armor: Skin              ||    13
Dodge: Dodged            ||    47

Table legend: (Time is in decaauts)
 A = Elapsed time spent in this place.
 B = Non-inter-level travel time spent in this place.
 C = Inter-level travel time spent in this place.
 D = Time resting spent in this place.
 E = Time spent auto-exploring this place.
 F = Levels seen in this place.
 G = Mean time per level.
                   A        B        C        D        E       F      G
               +--------+--------+--------+--------+--------+-----+--------+
         Total |   1755 |   1693 |     62 |      0 |   1503 |   3 |  585.0 |
       Dungeon |   1755 |   1693 |     62 |      0 |   1503 |   3 |  585.0 |
               +--------+--------+--------+--------+--------+-----+--------+

Top non-repeatable levels by time:
     D:1: 942 daAuts
     D:2: 773 daAuts
     D:3: 40 daAuts
